 Dungeon Crawl Stone Soup version 0.29-a0-512-gf59ac788ac (webtiles) character file.

Game seed: 10405946658265113448

119 spaghetti the Ruffian (level 5, 0/42 HPs)
             Began as a Barachi Berserker on May 29, 2022.
             Was a Believer of Trog.
             Slain by a gnoll
             ... wielding a +5 spear
              (3 damage)
             ... on level 3 of the Dungeon.
             The game lasted 00:02:50 (1810 turns).

spaghetti the Ruffian (Barachi Berserker)           Turns: 1810, Time: 00:02:50

Health: 0/42       AC:  8    Str: 18 (21) XL:     5   Next: 3%
Magic:  5/5        EV: 11    Int:  5 (7)  God:    Trog [**....]
Gold:   98         SH:  0    Dex: 10 (11) Spells: 4/4 levels left

rFire   . . .      SeeInvis .     - Unarmed
rCold   + . .      Faith    .   i - orb {light}
rNeg    . . .      Spirit   .   l - +2 ring mail {rC+}
rPois   .          Reflect  .   k - +1 hat
rElec   .          Harm     .   (no cloak)
rCorr   .          Rampage  .   (no gloves)
Will    ++...                   (no boots)
Stlth   ..........              (no amulet)
HPRegen 1.14/turn               (no ring)
MPRegen 0.09/turn               (no ring)

@: strong-willed (expiring), on berserk cooldown, regenerating (expiring),
slowed, glowing, very slow
A: amphibious, slowness 1, strong legs 1, +LOS
a: Hop, Renounce Religion, Berserk, Trog's Hand


You were on level 3 of the Dungeon.
You worshipped Trog.
Trog was pleased with you.
You visited 1 branch of the dungeon, and saw 3 of its levels.

You collected 98 gold pieces.


Innate Abilities, Weirdness & Mutations

You are amphibious.
You cover ground slowly.
You can hop short distances.
You have an extended range of vision and can be seen from far away.


   Skills:
 + Level 4.2 Fighting
 + Level 3.1 Armour
 - Level 2.1 Dodging
 + Level 5.4 Unarmed Combat


You had 4 spell levels left.
You didn't know any spells.
Your spell library contained the following spells:

 Spells                   Type           Power      Damage    Failure   Level
 Confusing Touch          Hex            0%         N/A       95%         3
 Yara's Violent Unravell  Hex/Tmut       0%         3d3       100%        5
 Enfeeble                 Hex            0%         N/A       100%        7
 Chain Lightning          Conj/Air       0%         N/A       100%        9
 Fire Storm               Conj/Fire      0%         5d1       100%        9
 Shatter                  Erth           0%         3d5*      100%        9

Inventory:

Missiles
 j - 67 stones {throwing}
Armour
 a - a +0 animal skin
 i - an orb of light (worn)
   (You found it on level 1 of the Dungeon)
 k - a +1 hat (worn)
   (You found it on level 1 of the Dungeon)
 l - a +2 ring mail of cold resistance (worn)
   (You took it off a kobold on level 2 of the Dungeon)
Jewellery
 o - a ring of positive energy
   (You found it on level 3 of the Dungeon)
Scrolls
 b - a scroll of blinking {!r}
 h - a scroll of poison {!r}
 m - 2 scrolls of teleportation {@r4}
 n - a scroll of identify {@r1}
Potions
 e - 2 potions of curing {@q1}
 g - a potion of flight

Dungeon Overview and Level Annotations

Branches:
Dungeon (3/15)

Altars:

Shops:
D:3

[ #.# #.# #.# #.#
#.# #.# #.#
#>######.#####
#.....@g))...##.
#.####.g.........
#.#####.##.. #.#
# #.# #.# #.# #.#
.### ## #.# #.#
.#..... ...# #.#
#.# .#.##.# #..#
#.# #.#


You could see 2 gnolls.


Message History

You take 9 damage, and now have 35/63 hp.
The air fills with toxic fumes!
As you read the scroll labelled WOMAIN CEWIC, it crumbles to dust.
It was a scroll of poison.
The gnoll hits you from afar with a +5 spear!
* * * LOW HITPOINT WARNING * * *
The gnoll hits you from afar with a +0 spear.
* * * LOW HITPOINT WARNING * * *
The gnoll hits you but does no damage. x2 😨 HP[-9]
You take 9 damage, and now have 26/63 hp.
You aren't carrying any items that you can evoke.
Okay, then.
Your skin crawls.
You feel strong-willed.
You feel the effects of Trog's Hand fading.
The gnoll hits you but does no damage.
The gnoll hits you from afar with a +0 spear.
* * * LOW HITPOINT WARNING * * *
😨 HP[-1]
You take 1 damage, and now have 25/63 hp.
Unknown command.
Unknown command.
Unknown command.
You feel much better.
The gnoll hits you but does no damage. x3
The gnoll hits you from afar with a +0 spear. 😕 HP[+26]
You regained 26 hp, and now have 51/63 hp.
Unknown command.
Unknown command.
The gnoll hits you but does no damage. x2 😕 HP[+1] Unknown command.
The gnoll hits you but does no damage. x4 😕 HP[+2]
You regained 2 hp, and now have 54/63 hp.
Your skin stops crawling.
You feel less strong-willed.
The gnoll hits you from afar with a +5 spear.
The gnoll hits you from afar with a +0 spear. 😕 HP[-5]
You take 5 damage, and now have 49/63 hp.
Unknown command.
Your transformation is almost over.
The gnoll hits you from afar with a +5 spear.
The gnoll hits you from afar with a +0 spear.
The gnoll hits you but does no damage. x2 😮 HP[-7]
You take 7 damage, and now have 42/63 hp.
Unknown command.
Unknown command.
You are ready to hop once more.
The gnoll hits you but does no damage. x2
Your skin crawls.
You feel strong-willed.
The gnoll hits you but does no damage. x2
The gnoll hits you from afar with a +5 spear!
The gnoll hits you but does no damage. 😮 HP[-5]
You take 5 damage, and now have 37/63 hp.
Unknown command.
The gnoll hits you from afar with a +5 spear!
The gnoll hits you but does no damage. 😮 HP[-5]
You take 5 damage, and now have 32/63 hp.
The gnoll hits you from afar with a +5 spear!
* * * LOW HITPOINT WARNING * * *
The gnoll hits you from afar with a +0 spear.
* * * LOW HITPOINT WARNING * * *
The gnoll hits you from afar with a +0 spear.
* * * LOW HITPOINT WARNING * * *
The gnoll hits you but does no damage. 😨 HP[-9]
You take 9 damage, and now have 23/63 hp.
Unknown command.
Unknown command.
Okay, then.
Okay, then.
The gnoll hits you but does no damage. x2 😨 HP[+1]
The gnoll hits you but does no damage. x4 😨 HP[+2]
You regained 2 hp, and now have 26/63 hp.
You feel less wooden.
Your +1 hat unmelds from your body.
Your +2 ring mail of cold resistance unmelds from your body.
You feel resistant to cold.
You feel the effects of Trog's Hand fading.
The gnoll hits you from afar with a +5 spear.
* * * LOW HITPOINT WARNING * * *
The gnoll hits you from afar with a +0 spear.
* * * LOW HITPOINT WARNING * * *
😨 HP[-11]
You now have 42 max hp (-21).
Unknown command.
The gnoll hits you with a +5 spear!
* * * LOW HITPOINT WARNING * * *
The gnoll hits you with a +0 spear.
* * * LOW HITPOINT WARNING * * *
The gnoll hits you with a +5 spear.
You die...

Skill      XL: |  1  2  3  4 |
---------------+-------------+-----
Unarmed Combat | 4 5 |  5.4
Fighting       | 4 |  4.2
Armour         | 3 |  3.1
Dodging        | |  2.1

Action                   |  1- 3 |  4- 6 || total
-------------------------+-------+-------++-------
Melee: Unarmed           |    83 |    26 ||   109
       Punch             |     1 |       ||     1
Invok: Berserk           |     2 |     1 ||     3
       Trog's Hand       |       |     2 ||     2
 Abil: Hop               |       |     1 ||     1
  Use: Scroll            |     2 |     1 ||     3
       Potion            |       |     6 ||     6
Armor: Animal skin       |    16 |       ||    16
       Ring mail         |     2 |    10 ||    12
       Skin              |       |    34 ||    34
Dodge: Dodged            |    56 |    28 ||    84

Levels and vault maps discovered:
D:1:      minmay_arrival_four_circles, layout_basic,
          dreamdust_ecumenical_altar_angels_and_demons
D:2:      layout_rooms, hex_tiny, nicolae_elevator_lobby_plus
D:3:      layout_loops_ring, serial_shops, nicolae_lakefront_shop

Notes
Turn   | Place    | Note
-------+----------+-------------------------------------------
     0 | D:1      | spaghetti the Barachi Berserker began the quest for the
                  | Orb.
     0 | D:1      | Reached XP level 1. HP: 18/18 MP: 1/1
     0 | D:1      | magus.rc [v1.9.6]
   183 | D:1      | Reached XP level 2. HP: 19/24 MP: 2/2
   333 | D:1      | HP: 6/24 [frozen (4)]
   338 | D:1      | Reached skill level 4 in Unarmed Combat
   671 | D:1      | Found a faded altar of an unknown god.
  1135 | D:2      | Reached XP level 3. HP: 29/29 MP: 3/3
  1200 | D:2      | You pick up a book of Misfortune {forbidden} and begin
                  | reading...
  1200 | D:2      | You add the spells Confusing Touch, Yara's Violent
                  | Unravelling and Enfeeble to your library.
  1315 | D:2      | Reached ** piety under Trog
  1454 | D:2      | Reached skill level 5 in Unarmed Combat
  1629 | D:3      | Reached XP level 4. HP: 37/37 MP: 4/4
  1722 | D:3      | You pick up a book of Annihilations {forbidden} and begin
                  | reading...
  1722 | D:3      | You add the spells Chain Lightning, Fire Storm and Shatter
                  | to your library.
  1725 | D:3      | Found Feuf's Antique Armour Boutique.
  1780 | D:3      | Reached skill level 4 in Fighting
  1780 | D:3      | Reached skill level 3 in Armour
  1787 | D:3      | Reached XP level 5. HP: 30/42 MP: 5/5
  1810 | D:3      | HP: 9/42 [gnoll/+5 spear (8)]
  1810 | D:3      | HP: 3/42 [gnoll/+0 spear (6)]
  1810 | D:3      | Slain by a gnoll

Vanquished Creatures
  A hound (D:3)
  2 gnolls (D:3)
  3 adders
  4 orcs (D:3)
  3 endoplasms (D:1)
  A giant cockroach (D:1)
  4 goblins
  6 hobgoblins
  A quokka (D:2)
  2 ball pythons (D:1)
  6 bats
  5 kobolds
  3 rats
41 creatures vanquished.

Table legend:
 A = Non-vault XP
 B = Vault XP
 C = Vault XP percentage of total XP
 D = Non-vault monster count
 E = Vault monster count
 F = Vault count percentage of total count
                 A         B        C        D         E       F
            +---------+---------+-------+---------+---------+-------
      Total |     171 |       0 |   0.0 |      41 |       0 |   0.0
            +---------+---------+-------+---------+---------+-------
        D:1 |      25 |       0 |   0.0 |      16 |       0 |   0.0
        D:2 |      46 |       0 |   0.0 |      15 |       0 |   0.0
        D:3 |     100 |       0 |   0.0 |      10 |       0 |   0.0
            +---------+---------+-------+---------+---------+-------

Illustrated notes

Table legend:
 A = Kills in this place as a percentage of kills in entire the game.
 B = Kills by you in this place as a percentage of kills by you in the entire game.
 C = Kills by friends in this place as a percentage of kills by friends in the entire game.
 D = Other kills in this place as a percentage of other kills in the entire game.
 E = Experience gained in this place as a percentage of experience gained in the entire game.
 F = Experience gained in this place divided by the number of levels of this place that you have seen.
                   A       B       C       D       E      F
               +-------+-------+-------+-------+-------+----------------------
         Total | 100.0 | 100.0 |   N/A |   N/A | 100.0 |  57.0
       Dungeon | 100.0 | 100.0 |   N/A |   N/A | 100.0 |  57.0
               +-------+-------+-------+-------+-------+----------------------

Table legend: (Time is in decaauts)
 A = Elapsed time spent in this place.
 B = Non-inter-level travel time spent in this place.
 C = Inter-level travel time spent in this place.
 D = Time resting spent in this place.
 E = Time spent auto-exploring this place.
 F = Levels seen in this place.
 G = Mean time per level.
                   A        B        C        D        E       F      G
               +--------+--------+--------+--------+--------+-----+--------+
         Total |   2051 |   1953 |     98 |      1 |   1625 |   3 |  683.7 |
       Dungeon |   2051 |   1953 |     98 |      1 |   1625 |   3 |  683.7 |
               +--------+--------+--------+--------+--------+-----+--------+

Top non-repeatable levels by time:
     D:1: 1164 daAuts
     D:2: 634 daAuts
     D:3: 252 daAuts
